 Dungeon Crawl Stone Soup version 0.18-a0-1639-g7533f42 (webtiles) character file.

732 Krapule the Charmwright (level 7, -1/48 HPs)
             Began as a High Elf Skald on Mar 27, 2016.
             Slain by an orc
             ... wielding a +0 mace
              (5 damage)
             ... on level 5 of the Dungeon.
             The game lasted 00:19:38 (6767 turns).

Krapule the Charmwright (High Elf Skald)            Turns: 6767, Time: 00:19:39

Health: -1/48      AC:  3    Str: 16    XL:     7   Next: 45%
Magic:  13/14      EV: 14    Int: 16    God:
Gold:   275        SH:  0    Dex: 16    Spells: 5 memorised, 4 levels left

rFire  . . .     SeeInvis .     o - +0 long sword
rCold  . . .     Gourm    .     s - +1 robe "Douzoir" {Str+4}
rNeg   . . .     Faith    .     (no shield)
rPois  .         Spirit   .     (no helmet)
rElec  .         Dismiss  .     (no cloak)
rCorr  .         Reflect  .     (no gloves)
SustAt .         Harm     .     (no boots)
MR     .....                    (no amulet)
Stlth  +.........               (no ring)
                                (no ring)

@: singing, drained, not resistant to hostile enchantments, very unstealthy
A: no striking features
a: Stop Singing


You were on level 5 of the Dungeon.
You were not hungry.

You visited 2 branches of the dungeon, and saw 6 of its levels.

You collected 275 gold pieces.

Inventory:

Hand Weapons
 a - a +0 falchion
 o - a +0 long sword (weapon)
Armour
 e - a +1 ring mail
 s - the +1 robe "Douzoir" (worn) {Str+4}
   (You found it on level 5 of the Dungeon)

   It affects your strength (+4).
Jewellery
 q - the ring "Sorph" {rCorr +Fly rC+ Str-5}
   (You found it on level 5 of the Dungeon)

   [ring of resist corrosion]

   It affects your strength (-5).
   It protects you from cold.
   It lets you fly.
Scrolls
 i - a scroll of enchant armour
 l - 2 scrolls of identify
 n - a scroll of fear {unknown}
 p - a scroll of fog {unknown}
Potions
 b - a potion of curing
 h - 2 potions of heal wounds {unknown}
 j - 2 potions of agility {unknown}
 k - a potion of berserk rage {unknown}
 r - a potion of flight {unknown}
Books
 c - a book of Battle

   Spells                             Type                      Level
   a - Infusion                       Charms                       1
   b - Shroud of Golubria             Charms/Translocation         2
   c - Song of Slaying                Charms                       2
   d - Spectral Weapon                Hexes/Charms                 3
   e - Regeneration                   Charms/Necromancy            3
Comestibles
 d - 6 bread rations
 f - 3 royal jellies
 g - 2 meat rations
 m - a fruit
 t - a chunk of flesh


   Skills:
 + Level 4.1(3.8) Fighting
 + Level 4.9(4.7) Long Blades
 - Level 2.0(1.8) Armour
 + Level 3.7(3.4) Dodging
 + Level 4.6(4.4) Spellcasting
 + Level 5.4(5.2) Charms


You had 4 spell levels left.
You knew the following spells:

 Your Spells              Type           Power        Failure   Level  Hunger
a - Infusion              Chrm           ###.         1%          1    None
b - Shroud of Golubria    Chrm/Tloc      ##........   10%         2    ##.....
c - Regeneration          Chrm/Necr      ##........   17%         3    ###....
d - Song of Slaying       Chrm           ###.....     3%          2    ##.....
e - Spectral Weapon       Hex/Chrm       ##......     17%         3    ###....


Dungeon Overview and Level Annotations

Branches:
Dungeon (5/15)             Temple (1/1) D:5

Altars:
Ashenzari
Dithmenos
Fedhas
Gozag
Makhleb
Okawaru
Pakellas
Trog
Vehumet
Xom
Yredelemnul

Annotations:
D:4 tasslehoff34's ghost, amateur DsFi


Message History

The orc priest hits you but does no damage.
The orc misses you.
The orc priest hits you with a short sword.
* * * LOW HITPOINT WARNING * * *
You barely miss the orc priest.
The orc priest is heavily wounded.
The orc priest misses you. The orc closely misses you.
You hit the orc priest.
The orc priest is almost dead.
The orc priest invokes the aid of Beogh against you.
Pain shoots through your body!
* * * LOW HITPOINT WARNING * * *
You hit the orc priest but do no damage.
The orc priest is almost dead.
The orc priest hits you but does no damage.
The orc closely misses you.
You slash the orc priest!
You kill the orc priest!
The orc hits you with a mace.
You die...

..##...#.....##..#
###......b
..##...##.....#..##
#.......
........#.....#...#...#
#....... .......
#.....#...#...#
#....... ......>
#.....#...#...#
#....### ..##...
#.....'...#...#
#....#.. ### ###
#.....#..##...#
#....#..
#......#..##...#
#....#..
#......+.@)#...#
#....'.. ####
#......#.oo)...#
#....#..
...#####......##+##...#
#....###
...........#### ...#
#....#.. ...........#
...# #....'..
.........(.# o..#
#....#.. ...........#
.o.# #....###
...........# ...#
#####... ...........#
o..# #...


You could see 2 orcs.

Vanquished Creatures
  A phantom (D:3)
  A centaur (D:5)
  A scorpion (D:5)
  A killer bee (D:4)
  A crimson imp (D:4)
  A howler monkey (D:4)
  An orc priest (D:5)
  Jessica (D:2)
  An iguana (D:5)
  2 worker ants
  A hound skeleton (D:5)
  A worker ant zombie (D:5)
  Robin (D:3)
  5 gnolls
  A howler monkey skeleton (D:4)
  8 adders
  3 oozes
  A worm (D:2)
  2 dart slugs
  2 giant geckos
  9 orcs
  2 ball pythons (D:3)
  3 giant cockroaches
  6 hobgoblins
  2 quokkas
  10 bats
  6 giant newts
  13 goblins
  2 kobolds
  15 rats
  A butterfly (D:5)
105 creatures vanquished.

Notes
Turn   | Place    | Note
--------------------------------------------------------------
     0 | D:1      | Krapule the High Elf Skald began the quest for the Orb.
     0 | D:1      | Reached XP level 1. HP: 14/14 MP: 4/4
    13 | D:1      | Reached skill level 1 in Armour
   565 | D:1      | Reached XP level 2. HP: 19/19 MP: 6/6
   951 | D:2      | Noticed Jessica
  1069 | D:2      | Reached XP level 3. HP: 21/24 MP: 7/7
  1545 | D:2      | Killed Jessica
  1545 | D:2      | Reached skill level 4 in Charms
  1650 | D:2      | Reached XP level 4. HP: 30/30 MP: 9/9
  2680 | D:2      | Reached XP level 5. HP: 36/36 MP: 10/10
  2765 | D:3      | Noticed a phantom
  2794 | D:3      | Killed a phantom
  2975 | D:3      | Reached XP level 6. HP: 37/42 MP: 12/12
  3556 | D:3      | Noticed Robin
  3600 | D:3      | Killed Robin
  4206 | D:4      | Noticed tasslehoff34's ghost (amateur DsFi)
  4254 | D:5      | Entered Level 5 of the Dungeon
  4698 | D:5      | Found a staircase to the Ecumenical Temple.
  4707 | Temple   | Entered the Ecumenical Temple
  4836 | D:4      | Reached skill level 5 in Charms
  5515 | D:5      | Got a fine gossamer ring
  5524 | D:5      | Identified the ring "Sorph" {rCorr +Fly rC+ Str-5} (You found it on level 5 of the Dungeon)
  5592 | D:5      | Reached XP level 7. HP: 41/47 MP: 10/14
  6098 | D:5      | Got a sheer robe
  6142 | D:4      | Identified the +1 robe "Douzoir" {Str+4} (You found it on level 5 of the Dungeon)
  6446 | D:4      | Learned a level 2 spell: Shroud of Golubria
  6450 | D:4      | Learned a level 3 spell: Regeneration
  6453 | D:4      | Learned a level 2 spell: Song of Slaying
  6457 | D:4      | Learned a level 3 spell: Spectral Weapon
  6767 | D:5      | Slain by an orc

Vault maps used:
D:1:      dpeg_arrival_tiny_g
D:2:      corexii_corridor_pit, uniq_jessica
D:3:      first_bread, minmay_misc_feat_alley, uniq_robin
D:4:      minmay_opposing_rooms, solitary_fountain
D:5:      minmay_temple_entry_butterflies
Temple:   triangle_lava_temple_11

Skill      XL: |  1  2  3  4  5  6  7 |
---------------+----------------------+-----
Armour         | 1 2 |  2.0
Long Blades    | 3 4 |  4.9
Dodging        | 2 3 |  3.7
Charms         | 4 5 |  5.4
Spellcasting   | 3 4 |  4.6
Fighting       | 3 4 |  4.1

Action                   |  1- 3 |  4- 6 |  7- 9 || total
-------------------------+-------+-------+-------++-------
Melee: Falchion          |    90 |   237 |    48 ||   375
       Long sword        |       |       |    58 ||    58
 Cast: Infusion          |     1 |     6 |     1 ||     8
       Shroud of Golubri |       |       |     1 ||     1
       Song of Slaying   |       |       |     1 ||     1
       Spectral Weapon   |       |       |     1 ||     1
  Use: Scroll            |       |     3 |       ||     3
       Potion            |       |     1 |     2 ||     3
 Stab: Distracted        |       |       |     1 ||     1
  Eat: Chunk             |     2 |    11 |     4 ||    17
       Fruit             |       |     2 |       ||     2
